 Dungeon Crawl Stone Soup version 0.21.1 (webtiles) character file.

28 Stimme the Insei (level 3, -3/23 HPs)
             Began as an Octopode Transmuter on Feb 3, 2018.
             Slain by a hobgoblin
             ... wielding a +0 club
              (5 damage)
             ... on level 2 of the Dungeon.
             The game lasted 00:01:29 (694 turns).

Stimme the Insei (Octopode Transmuter)               Turns: 694, Time: 00:01:31

Health: -3/23      AC:  1    Str:  9    XL:     3   Next: 12%
Magic:  6/6        EV: 13    Int: 15    God:
Gold:   3          SH:  0    Dex: 13    Spells: 5/6 levels left

rFire    . . .     SeeInvis .     - Unarmed
rCold    . . .     Gourm    .   (no shield)
rNeg     . . .     Faith    .   (helmet restricted)
rPois    .         Spirit   .   (no amulet)
rElec    .         Reflect  .   (no ring)
rCorr    .         Harm     .   (no ring)
MR       .....                  (no ring)
Stlth    ++........             (no ring)
HPRegen  0.07/turn              (no ring)
MPRegen  0.10/turn              (no ring)
                                (no ring)
                                (no ring)

@: lethally poisoned (-3 -> -4)
A: almost no armour, stealthy swim, amphibious, 8 rings, constrict 8, camouflage
1, gelatinous body 1
a: no special abilities


You were on level 2 of the Dungeon.
You were not hungry.

You visited 1 branch of the dungeon, and saw 2 of its levels.

You collected 3 gold pieces.

Inventory:

Missiles
 a - 12 arrows
 l - 9 poisoned needles
Scrolls
 f - a scroll of identify
 g - a scroll of amnesia {unknown}
 i - a scroll of fear {unknown}
 j - 3 scrolls of teleportation {unknown}
 k - a scroll of random uselessness {unknown}
Potions
 d - a potion of agility {unknown}
 e - a potion of degeneration {unknown}
 h - a potion of magic {unknown}
Books
 b - a book of Changes

   Spells                             Type                      Level
   a - Beastly Appendage              Transmutation                1
   b - Sticks to Snakes               Transmutation                2
   c - Spider Form                    Transmutation/Poison         3
   d - Ice Form                       Ice/Transmutation            4
   e - Blade Hands                    Transmutation                5
Comestibles
 c - 3 rations


   Skills:
 + Level 1.0 Fighting
 + Level 2.0 Dodging
 + Level 0.6 Stealth
 + Level 3.4 Unarmed Combat
 + Level 2.1 Spellcasting
 + Level 2.7 Transmutations


You had 5 spell levels left.
You knew the following spells:

 Your Spells              Type           Power        Failure   Level  Hunger
a - Beastly Appendage     Tmut           #.....       7%          1    #......


Dungeon Overview and Level Annotations

Branches:
Dungeon (2/15)

Altars:


Innate Abilities, Weirdness & Mutations

You cannot wear most types of armour.
You are very stealthy in the water. (Stealth+)
You are amphibious.
You can wear up to eight rings at the same time.
You can use your tentacles to constrict eight enemies at once.
Your skin changes colour to match your surroundings (Stealth+).
Your rubbery body absorbs attacks. (AC +1, EV +1)


Message History

You barely miss the goblin. Your grab misses the goblin.
The goblin closely misses you.
You tentacle-slap the goblin but do no damage.
You grab the goblin.
You kill the goblin!
A hobgoblin comes into view. It is wielding a club.
You see here a goblin corpse.
You feel sick.
The hobgoblin shouts!
You see here an adder corpse.
You feel sick.
You tentacle-slap the hobgoblin. You grab the hobgoblin.
The hobgoblin is lightly wounded.
You constrict the hobgoblin, but do no damage.
You feel sick. The hobgoblin hits you with a club.
* * * LOW HITPOINT WARNING * * *
You tentacle-slap the hobgoblin.
The hobgoblin is severely wounded.
You constrict the hobgoblin. The hobgoblin hits you with a club.
You die...

#.#.#.##.......# #######
.#.#.####......####....<..
#.#.#.....................
.#.#.####..#..............
#.#.#.###..####..#........
.#.#.#.....## #..#.#.#####
#.#.#....#..# #..#'#'#####
.#.#.#...##.###...)......#
#.#.#....#......@........#
.#.#.#...#.#.....g.......#
#.#.#....# #..#.#........#
.#.#.#.... #..#..(.......#
##.#.....# #..#..†...#####
. .#...†..# #...†..#
...............
..[..###......!


You could see a hobgoblin.

Vanquished Creatures
  An adder (D:2)
  2 leopard geckos
  3 goblins
  2 hobgoblins
  4 kobolds
  A bat (D:1)
  2 frilled lizards (D:2)
  A rat (D:1)
16 creatures vanquished.

Notes
Turn   | Place    | Note
-------+----------+-------------------------------------------
     0 | D:1      | Stimme the Octopode Transmuter began the quest for the Orb.
     0 | D:1      | Reached XP level 1. HP: 13/13 MP: 3/3
   218 | D:1      | Reached XP level 2. HP: 18/18 MP: 5/5
   679 | D:2      | Reached XP level 3. HP: 13/23 MP: 6/6
   694 | D:2      | Slain by a hobgoblin

Action                   || total
-------------------------++-------
Melee: Unarmed           ||    34
       Constrict         ||    10
       Tentacles         ||     7
       Punch             ||     1
  Use: Scroll            ||     1
 Stab: Sleeping          ||     4
Armor: Skin              ||     3
Dodge: Dodged            ||    15
